[Event "Titled Tuesday Blitz June 6 Late 2023"]
[White "Urbina Perez, Juan Antonio"]
[Black "Pavlidou, Ekaterini"]
[WhiteFideId "2217368"]
[BlackFideId "4213262"]
[WhiteElo "2197"]
[BlackElo "2126"]
[Result "1-0"]
[Round "3"]
[TimeControl "180+2"]
[Date "2023.06.07"]
[WhiteClock "0:01:14"]
[BlackClock "0:00:51"]
[Board "132"]

1. d4 Nf6 2. Nf3 e6 3. c4 b6 4. g3 Ba6 5. Nbd2 d5 6. cxd5 exd5 7. Bg2 c6 8. O-O Be7 9. Nb1 O-O 10. Re1 Ne4 11. Nc3 Nd7 12. Bf4 Bb7 13. Rc1 Bb4 14. Nxe4 dxe4 15. Nd2 c5 16. a3 Bxd2 17. Qxd2 cxd4 18. Qxd4 Nc5 19. Qb4 a5 20. Qc3 a4 21. Red1 Qc8 22. Bd6 Rd8 23. Bxc5 bxc5 24. Rxd8+ Qxd8 25. Qxc5 Rc8 26. Qe3 Rxc1+ 27. Qxc1 g6 28. e3 Qd7 29. h4 Bd5 30. Qc2 Qe6 31. Qxa4 h6 32. Qd4 g5 33. hxg5 hxg5 34. b4 f6 35. a4 Kg7 36. a5 Bb7 37. b5 Bd5 38. a6 1-0


[Site "https://www.chess.com"]

[Event "Titled Tuesday Blitz June 6 Late 2023"]
[White "Djabri,Massinas"]
[Black "Liu, Eric"]
[WhiteFideId "7905726"]
[BlackFideId "30960240"]
[WhiteElo "2194"]
[BlackElo "2094"]
[Result "1-0"]
[Round "3"]
[TimeControl "180+2"]
[Date "2023.06.07"]
[WhiteClock "0:00:23"]
[BlackClock "0:00:52"]
[Board "133"]

1. d4 b6 2. e4 Bb7 3. Nc3 e6 4. Be3 h5 5. Qd2 h4 6. O-O-O Nf6 7. d5 e5 8. f4 d6 9. fxe5 dxe5 10. Nf3 Nbd7 11. Bb5 Bd6 12. Bc6 Qc8 13. Nb5 a6 14. Nxd6+ cxd6 15. Bxd7+ Qxd7 16. Qd3 Qc7 17. Bg5 Nd7 18. Bxh4 f6 19. Bf2 b5 20. Kb1 Rc8 21. Rc1 Nc5 22. Bxc5 Qxc5 23. h4 a5 24. g4 Kd7 25. h5 Kc7 26. Nh4 Kb8 27. Nf5 Rc7 28. Qe3 Qxe3 29. Nxe3 Bc8 30. b3 Rc3 31. Rce1 Rc7 32. Kb2 Kb7 33. Rc1 Kb6 34. Rhg1 Rg8 35. c4 b4 36. g5 Rh8 37. h6 fxg5 38. c5+ Rxc5 39. Nc4+ Kc7 40. hxg7 Rg8 41. Rxg5 Ba6 42. Rf1 Kb8 43. Rf8+ Rc8 44. Rxc8+ Kxc8 45. Nxd6+ Kd7 46. Nf5 Bd3 47. Nh6 Bxe4 48. Nxg8 Kd6 49. Nh6 Bxd5 50. g8=Q Bxg8 51. Nxg8 Kd5 52. Kc2 Kd4 53. Kd2 e4 54. Rg4 Ke5 55. Nf6 Kxf6 56. Rxe4 Kf5 57. Re1 a4 58. Kd3 axb3 59. axb3 Kf4 60. Kc4 Kg3 61. Kxb4 Kg4 62. Kc3 Kh3 63. Kd2 Kh4 64. Rg1 Kh5 65. Ke3 Kh6 66. Kf4 Kh7 67. Kf5 Kh8 68. Kf6 Kh7 69. Rg2 Kh8 70. Kf7 Kh7 71. Rh2# 1-0


[Site "https://www.chess.com"]

[Event "Titled Tuesday Blitz June 6 Late 2023"]
[White "Barria Santos, Jose Guilherme"]
[Black "Spichkin, Alexander"]
[WhiteFideId "1939300"]
[BlackFideId "4144074"]
[WhiteElo "2266"]
[BlackElo "1986"]
[Result "1-0"]
[Round "3"]
[TimeControl "180+2"]
[Date "2023.06.07"]
[WhiteClock "0:00:51"]
[BlackClock "0:01:28"]
[Board "134"]

1. c4 f5 2. Nc3 Nf6 3. Nf3 d6 4. d4 e6 5. g3 Be7 6. Bg2 O-O 7. O-O a5 8. Re1 Ne4 9. Qd3 Nc6 10. Nxe4 Nb4 11. Qb1 fxe4 12. Qxe4 e5 13. Qb1 e4 14. Nd2 e3 15. fxe3 Bg5 16. Nf3 Bh6 17. a3 Nc6 18. e4 Bxc1 19. Qxc1 Bg4 20. Qe3 Qe7 21. Rab1 a4 22. Nd2 Rae8 23. Bf3 Bh3 24. Rbd1 Qf6 25. Nb1 Ne7 26. Nc3 c6 27. Nxa4 Nf5 28. Qf2 Nh6 29. Qe3 Nf5 30. Qd3 Nh6 31. Nc3 c5 32. Nd5 Qf5 33. exf5 Bxf5 34. e4 Bh3 35. dxc5 dxc5 36. e5 Nf5 37. Nf4 Nd4 38. Bd5+ Be6 39. Nxe6 Nf3+ 40. Bxf3 Rxe6 41. Bd5 1-0


[Site "https://www.chess.com"]

[Event "Titled Tuesday Blitz June 6 Late 2023"]
[White "Srdanovic, Jovana"]
[Black "mohsengabr2002"]
[WhiteFideId "954810"]
[WhiteElo "2155"]
[BlackElo "2259"]
[Result "1-0"]
[Round "3"]
[TimeControl "180+2"]
[Date "2023.06.07"]
[WhiteClock "0:00:12"]
[BlackClock "0:00:50"]
[Board "135"]

1. d4 f6 2. c4 g6 3. Nc3 e6 4. e4 Nh6 5. f3 Bg7 6. Be3 Nf7 7. Qd2 d6 8. h4 c6 9. h5 g5 10. Bd3 h6 11. Nge2 a6 12. O-O-O b5 13. e5 fxe5 14. Bg6 bxc4 15. dxe5 d5 16. f4 O-O 17. Bxf7+ Rxf7 18. fxg5 hxg5 19. Bxg5 Qa5 20. Bf4 Nd7 21. h6 Bh8 22. Rdf1 Nc5 23. h7+ Rxh7 24. Rxh7 Kxh7 25. Qc2+ Nd3+ 26. Kb1 Bd7 27. Nc1 Be8 28. Rh1+ Kg8 29. Qe2 Bg6 30. Qg4 Nxf4+ 31. Ka1 Bxe5 32. N1e2 Bxc3 33. Nxc3 e5 34. g3 Kf7 35. gxf4 exf4 36. Qxf4+ Kg7 37. Qe5+ Kf7 38. Rf1+ Kg8 39. Qe6+ 1-0


[Site "https://www.chess.com"]

[Event "Titled Tuesday Blitz June 6 Late 2023"]
[White "campochess"]
[Black "Kovalevsky, Stanislav"]
[BlackFideId "13508598"]
[WhiteElo "2161"]
[BlackElo "2112"]
[Result "0-1"]
[Round "3"]
[TimeControl "180+2"]
[Date "2023.06.07"]
[WhiteClock "0:01:14"]
[BlackClock "0:00:22"]
[Board "136"]

1. d4 Nf6 2. Bg5 d5 3. Nd2 Bf5 4. e3 Nbd7 5. Bd3 Bg6 6. f4 Bxd3 7. cxd3 c5 8. Ngf3 Qb6 9. Qb3 cxd4 10. Qxb6 axb6 11. Nxd4 e6 12. O-O Bc5 13. N2b3 O-O 14. a3 Ng4 15. Rf3 e5 16. Nc2 h6 17. Nxc5 bxc5 18. Be7 Rfe8 19. Bd6 Re6 20. fxe5 Ngxe5 21. Bxe5 Nxe5 22. Rg3 Nxd3 23. Rd1 c4 24. Nb4 Nxb4 25. axb4 Ra2 26. Rxd5 Rxb2 27. Rb5 c3 28. Rc5 Rc6 29. e4 Rxc5 30. bxc5 c2 0-1


[Site "https://www.chess.com"]

[Event "Titled Tuesday Blitz June 6 Late 2023"]
[White "Lima, Kleyton Alcantara"]
[Black "Brown, Raehanna"]
[WhiteFideId "22718397"]
[BlackFideId "7402740"]
[WhiteElo "2009"]
[BlackElo "1655"]
[Result "1-0"]
[Round "3"]
[TimeControl "180+2"]
[Date "2023.06.07"]
[WhiteClock "0:01:30"]
[BlackClock "0:00:50"]
[Board "137"]

1. e4 c5 2. Nf3 Nc6 3. d4 cxd4 4. Nxd4 Nf6 5. Nc3 g6 6. Nxc6 dxc6 7. Qxd8+ Kxd8 8. Bc4 e6 9. Bg5 Be7 10. e5 Nd5 11. Bxe7+ Kxe7 12. Ne4 b5 13. Bxd5 exd5 14. Nc5 Bf5 15. Kd2 Rhe8 16. f4 a5 17. a3 Kf8 18. h3 h5 19. Rhg1 h4 20. b4 axb4 21. axb4 Kg7 22. Nb7 Rxa1 23. Rxa1 Re7 24. Nd6 Be6 25. Ra6 Rc7 26. Ke3 Kf8 27. Kd4 Ke7 28. Kc5 f6 29. Rxc6 Rd7 30. Kd4 fxe5+ 31. fxe5 Ra7 32. Nxb5 Ra4 33. Kc5 Bd7 34. Rxg6 Ra2 35. Rg7+ Kd8 36. Nd4 Ra7 37. Nc6+ 1-0


[Site "https://www.chess.com"]

[Event "Titled Tuesday Blitz June 6 Late 2023"]
[White "Miller, Ike S"]
[Black "Szyszylo, Rafal"]
[WhiteFideId "2022532"]
[BlackFideId "1109626"]
[WhiteElo "2135"]
[BlackElo "1951"]
[Result "0-1"]
[Round "3"]
[TimeControl "180+2"]
[Date "2023.06.07"]
[WhiteClock "0:00:11"]
[BlackClock "0:00:30"]
[Board "138"]

1. d4 d6 2. c4 Nf6 3. Nc3 g6 4. e4 Bg7 5. Bd3 O-O 6. Nge2 Nbd7 7. Bc2 e5 8. d5 a5 9. O-O Ne8 10. Be3 f5 11. exf5 gxf5 12. f3 b6 13. Qd2 Nc5 14. b3 Nf6 15. a3 Na6 16. Nb5 Rf7 17. b4 Bd7 18. bxa5 bxa5 19. Qxa5 Nh5 20. Qd2 Qh4 21. Bb3 Nc5 22. Bxc5 dxc5 23. Nxc7 Rd8 24. d6 e4 25. g3 Qh3 26. Rad1 f4 27. Nxf4 Nxf4 28. gxf4 exf3 29. Kh1 Bd4 30. Rg1+ Bxg1 31. Rxg1+ Rg7 32. Rxg7+ Kxg7 0-1


[Site "https://www.chess.com"]

[Event "Titled Tuesday Blitz June 6 Late 2023"]
[White "Maksimovic, Bojan"]
[Black "Lopez Perdomo, Juan David"]
[WhiteFideId "14408120"]
[BlackFideId "4405137"]
[WhiteElo "2457"]
[BlackElo "1965"]
[Result "1-0"]
[Round "3"]
[TimeControl "180+2"]
[Date "2023.06.07"]
[WhiteClock "0:00:49"]
[BlackClock "0:00:03"]
[Board "139"]

1. e4 e6 2. d4 d5 3. Nc3 Bb4 4. e5 c5 5. a3 Ba5 6. b4 cxd4 7. Nb5 Bc7 8. f4 Nh6 9. Nf3 a6 10. Nxc7+ Qxc7 11. Bb2 Nf5 12. Bd3 Ne3 13. Qe2 b5 14. Bxd4 Nc4 15. O-O h6 16. f5 exf5 17. e6 O-O 18. Bxf5 fxe6 19. Bxe6+ Bxe6 20. Qxe6+ Qf7 21. Ng5 Qxe6 22. Rxf8+ Kxf8 23. Nxe6+ Kg8 24. a4 bxa4 25. Rxa4 Nc6 26. c3 Nxd4 27. Nxd4 a5 28. Nb3 Rc8 29. Nxa5 Nxa5 30. bxa5 Rxc3 31. a6 Rc8 32. a7 Ra8 33. Kf2 Kf7 34. Ke3 Ke6 35. Kd4 Kd6 36. Ra6+ Kc7 37. Kxd5 Kb7 38. Rg6 Rg8 39. Ke6 Kxa7 40. Kf7 Rd8 41. Kxg7 h5 42. Kh6 h4 43. h3 Kb7 44. Kh5 Rh8+ 45. Kg5 Kc7 46. Kf4 Kd7 47. Ra6 Ke7 48. Ra2 Kf6 49. Kg4 1-0


[Site "https://www.chess.com"]

[Event "Titled Tuesday Blitz June 6 Late 2023"]
[White "Di Berardino, Diego Rafael"]
[Black "Shapiro, Daniel"]
[WhiteFideId "2105446"]
[BlackFideId "2001780"]
[WhiteElo "2426"]
[BlackElo "2358"]
[Result "1-0"]
[Round "3"]
[TimeControl "180+2"]
[Date "2023.06.07"]
[WhiteClock "0:00:08"]
[BlackClock "0:00:01"]
[Board "140"]

1. e4 e5 2. Nf3 Nc6 3. Bb5 a6 4. Ba4 Nf6 5. O-O Be7 6. Re1 b5 7. Bb3 d6 8. c3 O-O 9. h3 Na5 10. Bc2 c5 11. d4 Nd7 12. dxc5 dxc5 13. Nbd2 Bb7 14. Nf1 f6 15. Ne3 Re8 16. Nd5 Bf8 17. Nh4 Nb6 18. Qh5 Nxd5 19. exd5 g6 20. Nxg6 Qxd5 21. Be4 Qf7 22. Qg4 Bxe4 23. Nxf8+ Kxf8 24. Bh6+ Ke7 25. Qxe4 Rad8 26. Be3 Rd5 27. b4 Nb7 28. a4 f5 29. Qh4+ Ke6 30. axb5 axb5 31. Ra6+ Kd7 32. bxc5 f4 33. c6+ Kc7 34. cxb7 fxe3 35. Rxe3 Rd2 36. Qg3 Kb8 37. Ra8+ Kxb7 38. Rxe8 1-0


[Site "https://www.chess.com"]

[Event "Titled Tuesday Blitz June 6 Late 2023"]
[White "Reprintsev, Alexander"]
[Black "Arun, Siddharth"]
[WhiteFideId "14100541"]
[BlackFideId "2079178"]
[WhiteElo "2229"]
[BlackElo "2349"]
[Result "0-1"]
[Round "3"]
[TimeControl "180+2"]
[Date "2023.06.07"]
[WhiteClock "0:00:11"]
[BlackClock "0:00:08"]
[Board "141"]

1. e4 c6 2. b3 d5 3. Qe2 dxe4 4. Nc3 Nf6 5. Nxe4 Nxe4 6. Qxe4 Qd5 7. Qe3 Bf5 8. Bb2 Qe4 9. d3 Qxe3+ 10. fxe3 Nd7 11. Nf3 f6 12. Nh4 Bg4 13. h3 Bh5 14. g4 Bf7 15. d4 e5 16. Bg2 Bb4+ 17. c3 Bf8 18. O-O-O h5 19. Nf5 g6 20. Ng3 Bh6 21. Kb1 Bxe3 22. Ne4 O-O 23. Nd6 Rab8 24. gxh5 gxh5 25. dxe5 Nxe5 26. Nxf7 Rxf7 27. c4 Re8 28. Rd6 Bf4 29. Be4 Kh8 30. Rg1 Rg8 31. Rxg8+ Kxg8 32. b4 Nxc4 33. Rd8+ Kg7 34. Bc3 Ne5 35. Bf5 Kh6 36. a4 Kg5 37. Be6 Re7 38. Rg8+ Kh4 39. Bf5 Nf3 40. Kb2 Be5 41. Bxe5 Nxe5 42. Kc3 Nf3 43. Kc4 Re5 44. Bc8 f5 45. a5 Nd2+ 46. Kc3 Ne4+ 47. Kd4 Re7 48. Ke3 Nd6+ 49. Kf4 Nxc8 50. Kxf5 Nd6+ 51. Kf6 Re4 52. Rg7 Rxb4 53. Ke6 Ne4 54. Ke5 Nf2 55. a6 bxa6 56. Rxa7 Rb6 57. Kd4 Nxh3 58. Kc5 Rb5+ 59. Kxc6 Rg5 60. Rxa6 Rg6+ 0-1


[Site "https://www.chess.com"]

[Event "Titled Tuesday Blitz June 6 Late 2023"]
[White "Ladan, Nicholas"]
[Black "Bogaudinov, Rushan"]
[WhiteFideId "30918855"]
[BlackFideId "4129288"]
[WhiteElo "2167"]
[BlackElo "1967"]
[Result "1-0"]
[Round "3"]
[TimeControl "180+2"]
[Date "2023.06.07"]
[WhiteClock "0:01:09"]
[BlackClock "0:00:12"]
[Board "142"]

1. d4 d5 2. Nf3 e6 3. Bf4 c5 4. e3 Nc6 5. c3 Nf6 6. Nbd2 Bd6 7. Bg3 O-O 8. Bd3 Re8 9. Ne5 Bxe5 10. dxe5 Nd7 11. f4 f5 12. exf6 Nxf6 13. Bh4 e5 14. O-O e4 15. Bb5 c4 16. Bxc6 bxc6 17. Nb1 Qb6 18. Qd2 Ng4 19. Bf2 Rb8 20. h3 Qxb2 21. Qxb2 Rxb2 22. hxg4 Bxg4 23. Na3 Rb6 24. Rfb1 Reb8 25. Bh4 Kf7 26. Kf2 h6 27. Rxb6 axb6 28. Nc2 Ke6 29. a4 Ra8 30. Kg3 Bh5 31. Nd4+ Kd7 32. f5 g5 33. fxg6 Bxg6 34. Bf6 c5 35. Ne2 Ke6 36. Bg7 Bf7 37. Bxh6 Kf5 38. Bf4 Be8 39. Rb1 Ra6 40. Kh4 Bxa4 41. g4+ Kg6 42. Be5 Bc2 43. Nf4+ Kf7 44. Rf1 d4 45. exd4 cxd4 46. Bxd4 b5 47. g5 Bd3 48. Nxd3+ Ke6 49. Nc5+ 1-0


[Site "https://www.chess.com"]

[Event "Titled Tuesday Blitz June 6 Late 2023"]
[White "Campos, Maria Jose"]
[Black "Graif, William"]
[WhiteFideId "146803"]
[BlackFideId "2609835"]
[WhiteElo "2170"]
[BlackElo "2201"]
[Result "1-0"]
[Round "3"]
[TimeControl "180+2"]
[Date "2023.06.07"]
[WhiteClock "0:00:19"]
[BlackClock "0:00:07"]
[Board "143"]

1. c4 a6 2. g3 e5 3. Bg2 Nc6 4. Nc3 Bc5 5. e3 Ba7 6. Nge2 d6 7. d4 Bg4 8. h3 Bh5 9. g4 Bg6 10. f4 Qh4+ 11. Kf1 h5 12. d5 Nce7 13. Qe1 hxg4 14. hxg4 Qxh1+ 15. Bxh1 Rxh1+ 16. Ng1 exf4 17. Kg2 Rh7 18. exf4 O-O-O 19. Be3 Bxe3 20. Qxe3 Nf6 21. Qxe7 Re8 22. Qxe8+ Nxe8 23. Re1 f6 24. f5 Bf7 25. Nf3 Kd7 26. Nd4 Rh4 27. Kg3 Rh8 28. b4 g5 29. c5 Ng7 30. Ne6 Rg8 31. a4 Bxe6 32. dxe6+ Kd8 33. cxd6 cxd6 34. Nd5 Ne8 35. Rc1 Rh8 36. b5 Rh7 37. Nb6 Rc7 38. Rxc7 Nxc7 39. Kf3 axb5 40. axb5 Nxb5 41. Nd5 Nc7 42. Nxf6 b5 43. Ke4 Ke7 44. Nh7 Nxe6 45. fxe6 Kxe6 46. Nxg5+ Kf6 47. Nf3 Ke6 48. Kd4 Ke7 49. Kd5 Kd7 50. g5 Ke7 51. Nh4 Kd7 52. Nf5 b4 53. Kc4 Ke6 54. g6 Kf6 55. g7 d5+ 56. Kxb4 Kf7 57. Kc5 Kf6 58. Kxd5 Kxf5 59. g8=Q 1-0


[Site "https://www.chess.com"]

[Event "Titled Tuesday Blitz June 6 Late 2023"]
[White "SergioMoralesG"]
[Black "Kaganskiy, Gleb"]
[BlackFideId "4132025"]
[WhiteElo "2498"]
[BlackElo "2165"]
[Result "0-1"]
[Round "3"]
[TimeControl "180+2"]
[Date "2023.06.07"]
[WhiteClock "0:00:02"]
[BlackClock "0:00:10"]
[Board "144"]

1. e4 e6 2. d3 d5 3. Qe2 dxe4 4. dxe4 Nc6 5. c3 e5 6. Nf3 a5 7. g3 Bc5 8. Bg2 Nf6 9. O-O O-O 10. Nbd2 a4 11. Nc4 Re8 12. Bd2 b6 13. b4 axb3 14. axb3 Rxa1 15. Rxa1 b5 16. Nb2 b4 17. Nc4 bxc3 18. Bxc3 Nd4 19. Bxd4 Bxd4 20. Nxd4 exd4 21. Qd3 Be6 22. Ne5 c5 23. f4 Qb6 24. Rb1 Rb8 25. Nc4 Bxc4 26. Qxc4 Ng4 27. Rc1 g6 28. Bh3 Ne3 29. Qxc5 Qxc5 30. Rxc5 Rxb3 31. e5 d3 32. Rc8+ Kg7 33. Rd8 h5 34. Kf2 Ng4+ 35. Bxg4 hxg4 36. Ke3 Rb2 37. Kxd3 Rxh2 38. Rd7 Kf8 39. Ke4 Rg2 40. Rd3 Ke7 41. Ra3 Ke6 42. Ra6+ Ke7 43. Ra7+ Ke6 44. Ra6+ Ke7 45. Ra3 Ke6 46. Rb3 Rg1 47. Rb6+ Ke7 48. Rb7+ Ke6 49. Rb6+ Ke7 50. Rb4 Rxg3 51. Kd5 Rd3+ 52. Ke4 Rd1 53. Rb7+ Rd7 0-1


[Site "https://www.chess.com"]

[Event "Titled Tuesday Blitz June 6 Late 2023"]
[White "Yanayt, Eugene"]
[Black "Mayeregger, Arnold"]
[WhiteFideId "2020165"]
[BlackFideId "3705226"]
[WhiteElo "2083"]
[BlackElo "2038"]
[Result "1/2-1/2"]
[Round "3"]
[TimeControl "180+2"]
[Date "2023.06.07"]
[WhiteClock "0:00:08"]
[BlackClock "0:00:12"]
[Board "145"]

1. d4 d5 2. c4 c6 3. Nf3 Nf6 4. g3 dxc4 5. a4 a5 6. Na3 Be6 7. Bg2 h6 8. Ne5 g6 9. Nexc4 Bg7 10. e4 O-O 11. O-O Na6 12. h3 Nb4 13. Be3 Kh7 14. Qe2 Qb8 15. Bf4 Qa7 16. Rfd1 Rfc8 17. b3 Qa6 18. Bf1 b5 19. Ne5 Bxb3 20. axb5 cxb5 21. Rdb1 a4 22. Nxb5 Qb6 23. Na3 Qxd4 24. Bg2 Nh5 25. Nf3 Nxf4 26. gxf4 Qxa1 27. Rxa1 Bxa1 28. f5 Nc2 29. fxg6+ fxg6 30. Nb5 Bc4 31. Qxc2 Bxb5 32. Qb1 a3 33. Qxa1 a2 34. Nd4 Bc4 35. e5 Rab8 36. Be4 Bd5 37. Kh2 Bxe4 38. Qxa2 Rf8 39. Qe6 Rbe8 40. Kg3 Kg7 41. h4 Rf7 42. f4 Rd8 43. Qc4 Bf5 44. Ne6+ Bxe6 45. Qxe6 Rd3+ 46. Kg2 Rd4 47. h5 gxh5 48. f5 Rg4+ 49. Kh3 Rg5 50. f6+ exf6 51. exf6+ Rxf6 52. Qd7+ Rf7 53. Qd4+ Kg6 54. Qe4+ Rgf5 55. Qc6+ R5f6 56. Qe4+ Kg7 57. Qg2+ Kh7 58. Qe4+ Rf5 59. Qd3 Kg6 60. Qg3+ Rg5 61. Qd6+ Kg7 62. Qd4+ Rf6 63. Qd7+ Kg6 64. Qd3+ Rgf5 65. Qg3+ Kh7 66. Qc7+ Rf7 67. Qc2 Kg8 68. Qg2+ Rg5 69. Qa8+ Kg7 70. Qa1+ Rf6 71. Qa7+ Kg6 72. Qe3 Rgf5 73. Qe4 Kg5 74. Qh4+ Kg6 75. Qe4 Kg7 76. Qb7+ Rf7 77. Qb2+ Kh7 78. Qc2 Rf6 79. Qc7+ Kg6 80. Qc2 Kg5 81. Qg2+ Kf4 82. Qf2+ Ke5 83. Qe3+ Kd6 84. Qd4+ Ke6 85. Qe4+ Re5 86. Qc4+ Kf5 87. Qf1+ Kg6 88. Qd3+ Rff5 89. Qd6+ Kg5 90. Qd8+ Rf6 91. Qd2+ Kf5 92. Qf2+ Kg6 93. Qc2+ Ref5 94. Qe4 1/2-1/2


[Site "https://www.chess.com"]

[Event "Titled Tuesday Blitz June 6 Late 2023"]
[White "Goncalves, Davi Sulzbacher"]
[Black "Krzywda, Andrzej"]
[WhiteFideId "2154510"]
[BlackFideId "1114565"]
[WhiteElo "2182"]
[BlackElo "2138"]
[Result "1/2-1/2"]
[Round "3"]
[TimeControl "180+2"]
[Date "2023.06.07"]
[WhiteClock "0:00:14"]
[BlackClock "0:00:07"]
[Board "146"]

1. d4 d5 2. c4 dxc4 3. e4 e5 4. Nf3 Bb4+ 5. Bd2 Bxd2+ 6. Nbxd2 exd4 7. Bxc4 Nc6 8. O-O Qf6 9. e5 Qg6 10. Re1 Nge7 11. Nb3 Bg4 12. Be2 O-O-O 13. Nh4 Bxe2 14. Nxg6 Bxd1 15. Nxe7+ Nxe7 16. Raxd1 Nf5 17. Re4 Rhe8 18. g4 Nh4 19. f4 f5 20. gxf5 Nxf5 21. Kf2 b6 22. Nxd4 c5 23. Nxf5 Rxd1 24. Nxg7 Rg8 25. e6 Rxg7 26. e7 Rd2+ 27. Ke3 Rxe7 28. Rxe7 Rxh2 29. f5 Rxb2 30. f6 Kd8 31. Rxa7 Ke8 32. Ke4 c4 33. Kd4 b5 34. a4 bxa4 35. Kxc4 Rf2 36. Rxh7 Rxf6 37. Kb4 Rf4+ 38. Ka3 Rf7 39. Rxf7 Kxf7 40. Kxa4 1/2-1/2


[Site "https://www.chess.com"]

[Event "Titled Tuesday Blitz June 6 Late 2023"]
[White "Nikologorsky, Matfei"]
[Black "Hollan, Petr"]
[WhiteFideId "24102474"]
[BlackFideId "360945"]
[WhiteElo "2153"]
[BlackElo "2254"]
[Result "0-1"]
[Round "3"]
[TimeControl "180+2"]
[Date "2023.06.07"]
[WhiteClock "0:00:08"]
[BlackClock "0:00:30"]
[Board "147"]

1. e4 c5 2. Nf3 e6 3. d4 cxd4 4. Nxd4 Nf6 5. Nc3 Nc6 6. Ndb5 Bc5 7. Nd6+ Ke7 8. Bf4 e5 9. Nf5+ Kf8 10. Be3 Bxe3 11. Qd6+ Kg8 12. Nxe3 Ne8 13. Qd2 d6 14. O-O-O Be6 15. g3 Nd4 16. f4 Rc8 17. f5 Bd7 18. Bc4 b5 19. Bb3 a5 20. Kb1 a4 21. Bd5 b4 22. Ne2 Nxe2 23. Qxe2 Nf6 24. g4 h6 25. h4 b3 26. axb3 Nxd5 27. Nxd5 axb3 28. cxb3 Qa5 29. Ne7+ Kh7 30. Nxc8 Rxc8 31. Rh3 Ra8 32. g5 Bb5 33. Qd2 Qa2+ 34. Kc2 Bc6 35. Re1 Ra6 36. Rc3 Qa5 37. g6+ fxg6 38. fxg6+ Kxg6 39. Qg2+ Kh7 40. Rg1 Qc7 41. Qg6+ Kh8 42. Rf1 Qc8 43. Rf7 Qg8 44. Rcf3 Be8 45. Qe6 Bxf7 46. Rxf7 Ra7 0-1


[Site "https://www.chess.com"]

[Event "Titled Tuesday Blitz June 6 Late 2023"]
[White "Sarkar, Justin"]
[Black "Herman, Daniel"]
[WhiteFideId "2010011"]
[BlackFideId "30935008"]
[WhiteElo "2151"]
[BlackElo "1897"]
[Result "0-1"]
[Round "3"]
[TimeControl "180+2"]
[Date "2023.06.07"]
[WhiteClock "0:00:01"]
[BlackClock "0:01:18"]
[Board "149"]

1. d4 Nf6 2. c4 g6 3. Nc3 d5 4. Nf3 Bg7 5. e3 O-O 6. Qb3 c5 7. cxd5 cxd4 8. Nxd4 b6 9. Be2 Bb7 10. Bf3 Nbd7 11. Nc6 Bxc6 12. dxc6 Nc5 13. Qc2 Nd3+ 14. Ke2 Ne5 15. Rd1 Qc8 16. Nd5 Qa6+ 17. Ke1 Nxf3+ 18. gxf3 Nxd5 19. Rxd5 Rac8 20. Bd2 Rc7 21. Rc1 Qxa2 22. Rd7 Rfc8 23. Rxc7 Rxc7 24. b4 Qd5 25. Qe4 Qh5 26. Bc3 Qxh2 27. Bxg7 Kxg7 28. Ke2 a5 0-1


[Site "https://www.chess.com"]

[Event "Titled Tuesday Blitz June 6 Late 2023"]
[White "Wizard_of_Odds"]
[Black "Cardozo Munar, Carlos Eduardo"]
[BlackFideId "4409477"]
[WhiteElo "2433"]
[BlackElo "2067"]
[Result "0-1"]
[Round "3"]
[TimeControl "180+2"]
[Date "2023.06.07"]
[WhiteClock "0:01:41"]
[BlackClock "0:02:18"]
[Board "150"]

1. b3 Nf6 2. Bb2 g6 3. Bxf6 exf6 4. c4 Bg7 5. Nc3 O-O 6. g3 a6 7. Bg2 c6 8. Nh3 d6 9. Nf4 Nd7 10. O-O Re8 11. e3 Nf8 12. d4 Ne6 13. Nxe6 fxe6 14. h4 e5 15. h5 f5 16. dxe5 dxe5 17. Qxd8 Rxd8 18. Rad1 Be6 19. Na4 Bf8 20. hxg6 hxg6 21. Bf3 Kf7 22. Kg2 Kf6 23. Rh1 Be7 24. Nb6 Rxd1 25. Rxd1 Rd8 26. Rxd8 Bxd8 27. b4 Bxb6 0-1


[Site "https://www.chess.com"]

[Event "Titled Tuesday Blitz June 6 Late 2023"]
[White "Balla, Tamas-Kristof"]
[Black "Della Corte, Alessandro"]
[WhiteFideId "1208497"]
[BlackFideId "813540"]
[WhiteElo "2334"]
[BlackElo "2205"]
[Result "1-0"]
[Round "3"]
[TimeControl "180+2"]
[Date "2023.06.07"]
[WhiteClock "0:00:33"]
[BlackClock "0:01:05"]
[Board "151"]

1. e4 c5 2. Nf3 d6 3. d4 cxd4 4. Qxd4 Nc6 5. Qe3 Nf6 6. h3 g6 7. Be2 Bg7 8. O-O O-O 9. Rd1 Bd7 10. c4 Rc8 11. Nc3 a6 12. Rb1 Qa5 13. a3 Ne5 14. Nxe5 Qxe5 15. Nd5 Nxd5 16. Rxd5 Qf6 17. e5 Qh4 18. Rd4 Qxd4 19. Qxd4 Bxe5 20. Qh4 Bf5 21. Ra1 b5 22. cxb5 axb5 23. Bh6 Rfd8 24. Rd1 Bf6 25. Bg5 Bxg5 26. Qxg5 f6 27. Qe3 e5 28. Bg4 Rc2 29. Bxf5 gxf5 30. Qd3 Rxb2 31. Qxf5 d5 32. Qxf6 1-0


[Site "https://www.chess.com"]

[Event "Titled Tuesday Blitz June 6 Late 2023"]
[White "Kostiukov, Alexandr"]
[Black "Petesch, Gabriel"]
[WhiteFideId "14108100"]
[BlackFideId "2032465"]
[WhiteElo "2202"]
[BlackElo "2374"]
[Result "0-1"]
[Round "3"]
[TimeControl "180+2"]
[Date "2023.06.07"]
[WhiteClock "0:00:53"]
[BlackClock "0:01:40"]
[Board "152"]

1. g3 d6 2. Bg2 Nf6 3. Nf3 h5 4. O-O c6 5. d4 Bf5 6. c4 Qd7 7. Re1 Be4 8. Nc3 Bxf3 9. exf3 h4 10. Bg5 hxg3 11. hxg3 Qf5 12. Qd2 Nbd7 13. Ne4 O-O-O 14. b4 e5 15. d5 cxd5 16. cxd5 Kb8 17. a4 Be7 18. a5 Nxe4 19. fxe4 Bxg5 20. f4 Bxf4 21. Qf2 Qg5 22. gxf4 exf4 23. Rf1 Rh4 24. a6 Rdh8 25. Qf3 Ne5 0-1


[Site "https://www.chess.com"]

[Event "Titled Tuesday Blitz June 6 Late 2023"]
[White "Holtel, Jasper"]
[Black "Kozelov, Roman"]
[WhiteFideId "12956376"]
[BlackFideId "14133377"]
[WhiteElo "2412"]
[BlackElo "2149"]
[Result "0-1"]
[Round "3"]
[TimeControl "180+2"]
[Date "2023.06.07"]
[WhiteClock "0:00:15"]
[BlackClock "0:01:14"]
[Board "153"]

1. e4 e6 2. d3 d5 3. Nd2 dxe4 4. dxe4 Nd7 5. Ngf3 Bc5 6. g3 Ngf6 7. Bg2 Qe7 8. O-O O-O 9. c3 a5 10. Re1 b5 11. Nf1 Bb7 12. Qc2 Rad8 13. e5 Ng4 14. Ne3 Bxf3 15. Bxf3 Ngxe5 16. Bg2 Qf6 17. Qe2 Nc4 18. Nxc4 bxc4 19. Be3 Bxe3 20. Qxe3 Nb6 21. Qc5 Rd2 22. Rf1 Rxb2 23. Qxa5 Rd8 24. Qc5 Rdd2 25. Rad1 g6 26. Rxd2 Rxd2 27. Qxc7 Rb2 28. Qb8+ Kg7 29. Qa7 Qxc3 30. a4 Nd5 31. Bxd5 exd5 32. Re1 Qxe1+ 0-1


[Site "https://www.chess.com"]

[Event "Titled Tuesday Blitz June 6 Late 2023"]
[White "Kujawski, Adam"]
[Black "MunichMouse"]
[WhiteFideId "1100920"]
[WhiteElo "2054"]
[BlackElo "2291"]
[Result "0-1"]
[Round "3"]
[TimeControl "180+2"]
[Date "2023.06.07"]
[WhiteClock "0:00:03"]
[BlackClock "0:00:33"]
[Board "154"]

1. e4 c5 2. Nf3 d6 3. d4 cxd4 4. Nxd4 Nf6 5. Nc3 a6 6. Bg5 e6 7. f4 Be7 8. Qf3 Qc7 9. O-O-O Bd7 10. Qg3 Nc6 11. Nxc6 Bxc6 12. e5 dxe5 13. fxe5 Nh5 14. Qh4 g6 15. Be2 Bxg5+ 16. Qxg5 h6 17. Qe3 Ng7 18. Ne4 Nf5 19. Nf6+ Kf8 20. Qf4 g5 21. Qb4+ Kg7 22. Bd3 Bxg2 23. Rhg1 Bf3 24. Rdf1 Qxe5 25. Nd7 Qc7 26. Bxf5 Qxd7 27. Qc3+ f6 28. Qxf3 exf5 29. h4 Rad8 30. hxg5 hxg5 31. Qxf5 Qxf5 32. Rxf5 Rh2 33. Rd1 Rxd1+ 34. Kxd1 g4 35. Rf1 Kg6 36. c4 f5 0-1


[Site "https://www.chess.com"]